[Event "Titled Tuesday Blitz May 10 Early 2022"]
[White "Bachmann, Axel"]
[Black "Daneshvar, Bardiya"]
[WhiteFideId "3700488"]
[BlackFideId "12576468"]
[WhiteElo "2587"]
[BlackElo "2330"]
[Result "0-1"]
[Round "06"]
[TimeControl "180+1"]
[Date "2022.05.10"]
[WhiteClock "0:00:07"]
[BlackClock "0:00:04"]

1. e4 c6 2. d4 d5 3. e5 Bf5 4. Nd2 e6 5. Nb3 Nd7 6. Nf3 h6 7. a4 Qc7 8. a5 a6 9. Be2 c5 10. dxc5 Bxc5 11. Nxc5 Nxc5 12. O-O Ne7 13. Be3 O-O 14. Nd4 Bh7 15. f4 Nf5 16. Nxf5 Bxf5 17. Bd4 Rac8 18. g4 Bh7 19. c3 Ne4 20. Bd3 Qe7 21. Qe2 Qh4 22. Rae1 Kh8 23. Qg2 Qd8 24. Re3 Qxa5 25. f5 Qd8 26. f6 Rg8 27. Rh3 Qf8 28. Be3 g5 29. Rh5 Bg6 30. Qh3 Bxh5 31. Qxh5 Rg6 32. Rf3 Kg8 33. h4 gxh4 34. Qxh4 b5 35. Rh3 b4 36. cxb4 Qxb4 37. Bxh6 Rxh6 38. Qxh6 Qe1+ 39. Bf1 Qf2+ 40. Kh1 Qxf1+ 41. Kh2 Rc2+ 0-1


[Site "https://www.chess.com"]

[Event "Titled Tuesday Blitz May 10 Early 2022"]
[White "Bai, Adelard"]
[Black "Bashirli, Saadat"]
[WhiteFideId "16301188"]
[BlackFideId "13429990"]
[WhiteElo "2120"]
[BlackElo "1173"]
[Result "1-0"]
[Round "06"]
[TimeControl "180+1"]
[Date "2022.05.11"]
[WhiteClock "0:00:34"]
[BlackClock "0:00:01"]

1. g3 d5 2. Bg2 c6 3. d3 Nf6 4. Nf3 g6 5. O-O Bg7 6. Nc3 Bg4 7. h3 Bxf3 8. Bxf3 O-O 9. e4 Na6 10. e5 Nd7 11. d4 e6 12. Ne2 c5 13. c3 cxd4 14. cxd4 Qb6 15. a3 Rac8 16. Rb1 Rc7 17. Nc3 Rfc8 18. Be3 Qc6 19. Rc1 Qb6 20. Na4 Qa5 21. Bd2 Rxc1 22. Bxa5 Rxd1 23. Rxd1 Rc2 24. Rd2 Rc4 25. b3 Rc1+ 26. Rd1 Rxd1+ 27. Bxd1 b6 28. Bd2 Ndb8 29. Be2 Nc7 30. Nc3 Nc6 31. Be3 f6 32. f4 fxe5 33. fxe5 Ne7 34. g4 Nc6 35. Kg2 Ne7 36. Kf2 a6 37. Na4 b5 38. Nc5 Kf7 39. a4 bxa4 40. bxa4 a5 41. Bd2 Nc6 42. Nb3 Bf8 43. Bxa5 Nxa5 44. Nxa5 Bb4 45. Nc6 Bc3 46. Ke3 Ke8 47. Kd3 Be1 48. Na7 Kd7 49. Kc2 Bf2 50. Kc3 Be1+ 51. Kc2 Bf2 52. Bb5+ Nxb5 53. Nxb5 Kc6 54. Kd3 Kb6 55. Nd6 h5 56. Ne8 1-0


[Site "https://www.chess.com"]

[Event "Titled Tuesday Blitz May 10 Early 2022"]
[White "Barria Zuniga, Daniel"]
[Black "Bettalli, Francesco"]
[WhiteFideId "3400816"]
[BlackFideId "2816453"]
[WhiteElo "2414"]
[BlackElo "2216"]
[Result "0-1"]
[Round "06"]
[TimeControl "180+1"]
[Date "2022.05.11"]
[WhiteClock "0:00:11"]
[BlackClock "0:00:53"]

1. c4 c5 2. g3 g6 3. Bg2 Bg7 4. Nc3 Nc6 5. a3 d6 6. Rb1 e6 7. b4 Nge7 8. Nf3 b6 9. O-O Bb7 10. e3 O-O 11. Qe2 Rc8 12. Rd1 Qd7 13. d4 cxd4 14. exd4 d5 15. c5 bxc5 16. bxc5 Na5 17. Ne5 Bxe5 18. Qxe5 Nc4 19. Qf6 Nf5 20. g4 Ng7 21. Bh6 Ne8 22. Qf4 Ng7 23. Bf1 f6 24. Qg3 Ba8 25. a4 Rfd8 26. h3 Qf7 27. Be3 Na5 28. Nb5 Ne8 29. Rdc1 Nc6 30. Rb2 e5 31. Rd2 a6 32. Nd6 Nxd6 33. cxd6 Rxd6 34. Bxa6 Rcd8 35. dxe5 fxe5 36. Bc5 Rf6 37. Rcd1 d4 38. Rc2 Kh8 39. Bc4 Qb7 40. Re1 Nb4 41. Kh2 Nxc2 42. Rxe5 Qh1# 0-1


[Site "https://www.chess.com"]

[Event "Titled Tuesday Blitz May 10 Early 2022"]
[White "Batsiashvili, Nino"]
[Black "Bifulco, Michel"]
[WhiteFideId "13602993"]
[BlackFideId "828580"]
[WhiteElo "2193"]
[BlackElo "2165"]
[Result "1-0"]
[Round "06"]
[TimeControl "180+1"]
[Date "2022.05.11"]
[WhiteClock "0:00:23"]
[BlackClock "0:00:04"]

1. d4 Nf6 2. c4 g6 3. Nc3 Bg7 4. e4 d6 5. h3 O-O 6. Be3 e5 7. d5 a5 8. g4 Na6 9. f3 Nd7 10. h4 Ndc5 11. h5 c6 12. Qd2 cxd5 13. cxd5 b6 14. hxg6 fxg6 15. Qh2 Kf7 16. Nh3 Rh8 17. Ng5+ Kg8 18. Nxh7 Ra7 19. g5 Nb4 20. O-O-O a4 21. a3 Nba6 22. Kb1 Bd7 23. Bh3 Bxh3 24. Qxh3 b5 25. Nxb5 Rb7 26. Nc3 Qb8 27. Rd2 Rb3 28. Kc1 Qe8 29. Kd1 Qb8 30. Rdh2 Qe8 31. Nf6+ Bxf6 32. Qxh8+ Bxh8 33. Rxh8+ Kf7 34. Rxe8 Kxe8 35. Kc2 Rb7 36. Rh8+ Kd7 37. Rh7+ Kc8 38. Rxb7 Kxb7 39. f4 exf4 40. Bxf4 Kc7 41. e5 dxe5 42. Bxe5+ Kd7 43. Nb5 Ne4 44. Bf6 Nac5 45. Nc3 Nxc3 46. Kxc3 Ne4+ 47. Kb4 Kd6 48. Kxa4 Kxd5 49. Kb5 Kd6 50. a4 Nxf6 51. gxf6 g5 52. f7 Ke7 53. a5 g4 54. a6 g3 55. a7 g2 56. f8=Q+ Kxf8 57. a8=Q+ Ke7 58. Qxg2 1-0


[Site "https://www.chess.com"]

[Event "Titled Tuesday Blitz May 10 Early 2022"]
[White "Bilych, Olexiy"]
[Black "Golubev, Mikhail"]
[WhiteFideId "14156504"]
[BlackFideId "14100983"]
[WhiteElo "2176"]
[BlackElo "2374"]
[Result "0-1"]
[Round "06"]
[TimeControl "180+1"]
[Date "2022.05.11"]
[WhiteClock "0:00:11"]
[BlackClock "0:00:53"]

1. e4 c5 2. Nc3 d6 3. d4 cxd4 4. Qxd4 Nc6 5. Qd2 g6 6. b3 Bh6 7. f4 f5 8. Bb2 Nf6 9. O-O-O fxe4 10. Bc4 e6 11. Nb5 d5 12. Ba3 Bf8 13. Bxf8 Kxf8 14. Qc3 Kf7 15. g4 Qa5 16. Qxa5 Nxa5 17. Be2 Ke7 18. g5 Ne8 19. h4 Bd7 20. h5 Bxb5 21. Bxb5 Nd6 22. Be2 Raf8 23. Rh4 Nc6 24. Rd2 Nf5 25. Rh2 Ng3 26. Bg4 Rxf4 27. Bh3 Nxh5 28. Ne2 Rf7 29. Kb2 Rhf8 30. Nc3 Ne5 31. Rhe2 Nf3 32. Rd1 Nxg5 33. Bg4 Nf4 34. Ree1 h5 35. Be2 Nxe2 36. Rxe2 Rf2 0-1


[Site "https://www.chess.com"]

[Event "Titled Tuesday Blitz May 10 Early 2022"]
[White "Bluebaum, Matthias"]
[Black "Mitrabha, Guha"]
[WhiteFideId "24651516"]
[BlackFideId "5057000"]
[WhiteElo "2556"]
[BlackElo "2468"]
[Result "1-0"]
[Round "06"]
[TimeControl "180+1"]
[Date "2022.05.10"]
[WhiteClock "0:00:13"]
[BlackClock "0:00:03"]

1. d4 Nf6 2. c4 e6 3. Nc3 Bb4 4. e3 O-O 5. Bd2 b6 6. Bd3 Bb7 7. Nf3 c5 8. a3 Bxc3 9. Bxc3 Ne4 10. Bxe4 Bxe4 11. dxc5 bxc5 12. Qd6 Nc6 13. Qxc5 d5 14. Qxc6 Rc8 15. Qa4 Rxc4 16. Qa5 Qb8 17. Nd2 Bxg2 18. Nxc4 Bxh1 19. Ne5 f6 20. Nd7 Qxh2 21. O-O-O Re8 22. Kb1 Bf3 23. Rc1 Qxf2 24. Qxa7 h5 25. Ka1 Bg4 26. Bd4 h4 27. Rc7 Qg1+ 28. Ka2 Bf5 29. e4 Qg2 30. exf5 e5 31. Bxe5 fxe5 32. f6 d4 33. Qc5 Qg6 34. Nxe5 Qxf6 35. Nc4 h3 36. Qd5+ Kf8 37. Qc5+ Kg8 38. Qh5 Qe6 39. Qg5 Qf6 40. Qg3 Qe6 41. Qxg7# 1-0


[Site "https://www.chess.com"]

[Event "Titled Tuesday Blitz May 10 Early 2022"]
[White "Bok, Benjamin"]
[Black "Oganian, Miran"]
[WhiteFideId "1017063"]
[BlackFideId "4122488"]
[WhiteElo "2658"]
[BlackElo "2357"]
[Result "1/2-1/2"]
[Round "06"]
[TimeControl "180+1"]
[Date "2022.05.10"]
[WhiteClock "0:00:09"]
[BlackClock "0:00:25"]

1. d4 d5 2. c4 e6 3. Nc3 a6 4. cxd5 exd5 5. Nf3 Nf6 6. Bg5 c6 7. e3 Be7 8. Bd3 Nbd7 9. O-O O-O 10. Qc2 Re8 11. h3 Nf8 12. Rab1 a5 13. a3 Bd6 14. Ne2 Ng6 15. b4 axb4 16. axb4 h6 17. Bf4 Nxf4 18. Nxf4 Bxf4 19. exf4 Nh5 20. Qd2 Qf6 21. Rfe1 Bf5 22. g3 Bxh3 23. b5 Bf5 24. bxc6 bxc6 25. Re5 Bxd3 26. Qxd3 g6 27. Rbe1 Ng7 28. Qc3 Rac8 29. Rxe8+ Rxe8 30. Rxe8+ Nxe8 31. Ne5 Qe6 32. Qxc6 Qxc6 33. Nxc6 Nf6 34. f3 h5 35. Kf2 Kf8 36. Ne5 Ke7 37. g4 hxg4 38. fxg4 Ne4+ 39. Ke3 Nd6 40. Nd3 Nc4+ 41. Kf3 Nd2+ 42. Ke2 Ne4 43. Ke3 Nc3 44. Ne5 Nd1+ 45. Ke2 Nc3+ 46. Kd3 Nd1 47. Ke2 Nc3+ 48. Kd2 Ne4+ 49. Kc2 Ke6 50. Kd3 Nf2+ 51. Ke3 Ne4 52. Nd3 Nc3 53. Ne5 Nd1+ 54. Ke2 Nc3+ 55. Kd3 Nd1 56. Ke2 Nc3+ 57. Ke3 Nd1+ 58. Ke2 1/2-1/2


[Site "https://www.chess.com"]

[Event "Titled Tuesday Blitz May 10 Early 2022"]
[White "Bommini, Mounika Akshaya"]
[Black "Ajay Krishna, S"]
[WhiteFideId "25019872"]
[BlackFideId "5096430"]
[WhiteElo "1671"]
[BlackElo "2247"]
[Result "0-1"]
[Round "06"]
[TimeControl "180+1"]
[Date "2022.05.11"]
[WhiteClock "0:00:01"]
[BlackClock "0:00:08"]

1. d4 d5 2. c4 e6 3. Nc3 Bb4 4. a3 Bxc3+ 5. bxc3 Nf6 6. f3 O-O 7. cxd5 exd5 8. e3 c5 9. Bd3 Re8 10. Ne2 b6 11. O-O Ba6 12. Ng3 Qc8 13. Bxa6 Qxa6 14. e4 cxd4 15. cxd4 Nc6 16. e5 Nd7 17. f4 Nf8 18. Bb2 Qb5 19. Rf2 Na5 20. Qg4 Rac8 21. Nh5 Ng6 22. f5 Nc4 23. fxg6 hxg6 24. Qf3 Rc7 25. Nf4 Nxb2 26. Rb1 Qc4 27. Rfxb2 Qxd4+ 28. Rf2 Rxe5 29. Rf1 Qe4 30. Qg3 Ree7 31. h3 d4 32. Nd3 Qe3 33. Qxe3 Rxe3 34. Rf3 Rc3 35. Rxe3 dxe3 36. Nf4 Rxa3 37. Re1 f5 38. Nd5 Rd3 39. Nxe3 b5 40. Nc2 a5 41. Rb1 b4 42. Kf1 Rd2 43. Ne3 f4 44. Nc4 Rd5 45. Ke2 Rc5 46. Kd3 g5 47. Kd4 Rb5 48. Ra1 b3 49. Nb2 Kh7 50. Kc4 Re5 51. Kxb3 Re3+ 52. Kc4 Re2 0-1


[Site "https://www.chess.com"]

[Event "Titled Tuesday Blitz May 10 Early 2022"]
[White "Bortnyk, Olexandr"]
[Black "Lashkin, Jegor"]
[WhiteFideId "14120828"]
[BlackFideId "13907808"]
[WhiteElo "2723"]
[BlackElo "2368"]
[Result "1-0"]
[Round "06"]
[TimeControl "180+1"]
[Date "2022.05.10"]
[WhiteClock "0:00:55"]
[BlackClock "0:00:02"]

1. d4 Nf6 2. Nc3 d5 3. Bf4 c5 4. e4 Nxe4 5. Nxe4 dxe4 6. dxc5 Qxd1+ 7. Rxd1 Nc6 8. Bb5 Bd7 9. Ne2 a6 10. Ba4 f6 11. Nc3 e5 12. Be3 Bf5 13. O-O Rc8 14. b4 Kf7 15. a3 a5 16. Nd5 axb4 17. axb4 Be6 18. c3 Be7 19. Nxe7 Nxe7 20. Rd6 Rhd8 21. Rfd1 Rxd6 22. cxd6 Nd5 23. c4 Nc3 24. d7 Rd8 25. Bb6 Nxd1 26. Bxd8 Nb2 27. Bc7 Bxd7 28. Bxd7 Nxc4 29. Bb5 Nb2 30. Kf1 Ke6 31. Ke2 f5 32. Kd2 Kd5 33. Kc2 Nc4 34. Bxc4+ Kxc4 35. Bxe5 g6 36. Bd6 b6 37. h4 h6 38. Bf8 h5 39. g3 Kd4 40. Kd2 b5 41. Ke2 Kd5 42. Ke3 Ke5 43. Bg7+ Ke6 44. Kf4 Kd5 45. Kg5 1-0


[Site "https://www.chess.com"]

[Event "Titled Tuesday Blitz May 10 Early 2022"]
[White "Broca Jimenez, Fernando"]
[Black "Iljin, Timofey"]
[WhiteFideId "5104742"]
[BlackFideId "14110180"]
[WhiteElo "2062"]
[BlackElo "2404"]
[Result "0-1"]
[Round "06"]
[TimeControl "180+1"]
[Date "2022.05.11"]
[WhiteClock "0:00:04"]
[BlackClock "0:01:10"]

1. e4 d5 2. exd5 Nf6 3. c4 Bg4 4. f3 Bf5 5. d4 c6 6. Nc3 cxd5 7. Bg5 e6 8. Qb3 Nbd7 9. cxd5 Bd6 10. dxe6 Bxe6 11. d5 Bf5 12. Bb5 O-O 13. Nge2 Nc5 14. Qd1 a6 15. Ba4 Nd3+ 16. Kf1 Qb6 17. Bh4 g5 18. Be1 Nxb2 19. Qb3 Nxa4 20. Qxa4 Qe3 21. Bf2 Qe7 22. Re1 Rfe8 23. g4 Bd3 24. Kg2 b5 25. Qd1 Bc4 26. Ng3 Qb7 27. Nf5 Bb4 28. Bd4 Nxd5 29. Nh6+ Kf8 30. Ne4 Nf4+ 31. Kg1 Rad8 32. Qa1 Ne6 33. Bf2 Bxe1 34. Bxe1 Nd4 35. Bb4+ Re7 36. Nxg5 Qb6 37. Kg2 Qxh6 38. Bxe7+ Kxe7 39. Re1+ Be6 40. Nxe6 fxe6 41. Qc3 Qf4 42. Qc5+ Kf7 43. Re4 Qxf3+ 44. Kg1 Qxe4 45. Qh5+ Ke7 46. Qxh7+ Qxh7 0-1


[Site "https://www.chess.com"]

[Event "Titled Tuesday Blitz May 10 Early 2022"]
[White "Carlsen, Magnus"]
[Black "Meshkovs, Nikita"]
[WhiteFideId "1503014"]
[BlackFideId "11602740"]
[WhiteElo "2832"]
[BlackElo "2506"]
[Result "1-0"]
[Round "06"]
[TimeControl "180+1"]
[Date "2022.05.10"]
[WhiteClock "0:00:47"]
[BlackClock "0:00:03"]

1. b3 Nf6 2. Bb2 g6 3. g3 Bg7 4. Bg2 O-O 5. Nf3 c5 6. c4 Nc6 7. O-O b6 8. d4 cxd4 9. Nxd4 Bb7 10. Nc3 Rc8 11. Qd2 Qc7 12. Nc2 Qb8 13. Rac1 Rfd8 14. Rfd1 h5 15. Ne3 Bh6 16. Ncd5 Nxd5 17. cxd5 Ne5 18. f4 Ng4 19. Qd4 Kh7 20. Nxg4 hxg4 21. d6 Rxc1 22. Rxc1 Bxg2 23. Kxg2 exd6 24. Qd5 Qa8 25. Qxa8 Rxa8 26. Rc7 Bg7 27. Ba3 Re8 28. Kf1 Bd4 29. Bxd6 Kg8 30. Rxa7 Re6 31. Rxd7 b5 32. Bb4 Be3 33. Re7 Rxe7 34. Bxe7 f5 35. Kg2 Kf7 36. Bb4 Ke6 37. h3 Kd5 38. hxg4 fxg4 39. Be1 Ke4 40. a4 bxa4 41. bxa4 Kd5 42. a5 Kc6 43. Bf2 Bd2 44. a6 Kc7 45. e4 Ba5 46. e5 Bb4 47. e6 Kc8 48. Bb6 Kb8 49. Kf2 Ka8 50. Ke3 1-0


[Site "https://www.chess.com"]

[Event "Titled Tuesday Blitz May 10 Early 2022"]
[White "Chernomordik, Pavel"]
[Black "Skliarov, Viktor"]
[WhiteFideId "2804530"]
[BlackFideId "14106736"]
[WhiteElo "2220"]
[BlackElo "2229"]
[Result "0-1"]
[Round "06"]
[TimeControl "180+1"]
[Date "2022.05.11"]
[WhiteClock "0:00:02"]
[BlackClock "0:00:10"]

1. e4 c5 2. Nc3 Nc6 3. Bb5 Nd4 4. Bc4 g6 5. Nge2 Bg7 6. Nxd4 cxd4 7. Qf3 Nh6 8. Ne2 O-O 9. h3 d6 10. g4 Be6 11. d3 b5 12. Bb3 Bxb3 13. axb3 f5 14. gxf5 e6 15. Rg1 exf5 16. Nf4 fxe4 17. dxe4 Qh4 18. Qg3 Qxg3 19. fxg3 Rfe8 20. Nd5 Rxe4+ 21. Kd1 Nf5 22. Nc7 Rc8 23. Rxa7 d3 24. cxd3 Rb4 25. Kc2 Bd4 26. Rb7 Bxg1 27. Kb1 Be3 28. Bxe3 Nxe3 29. Ne6 Rxb3 30. Rg7+ Kh8 31. Rd7 Rxd3 0-1


[Site "https://www.chess.com"]

[Event "Titled Tuesday Blitz May 10 Early 2022"]
[White "Clarke, Brandon G I"]
[Black "Fier, Alexandr"]
[WhiteFideId "400319"]
[BlackFideId "2107139"]
[WhiteElo "2414"]
[BlackElo "2571"]
[Result "0-1"]
[Round "06"]
[TimeControl "180+1"]
[Date "2022.05.10"]
[WhiteClock "0:00:05"]
[BlackClock "0:02:01"]

1. e4 c5 2. Nf3 d6 3. d4 cxd4 4. Nxd4 Nf6 5. Nc3 g6 6. f3 Bg7 7. Be3 O-O 8. Qd2 Nc6 9. Bc4 Bd7 10. O-O-O Rc8 11. Bb3 Nxd4 12. Bxd4 b5 13. Nd5 Nxd5 14. Bxg7 Kxg7 15. exd5 a5 16. a3 Qb6 17. Rhe1 h5 18. Rxe7 Bf5 19. c3 b4 20. axb4 axb4 21. c4 Ra8 22. Qd4+ Qxd4 23. Rxd4 Kf6 24. Re1 Ra7 25. g4 hxg4 26. fxg4 Bd7 27. Kd2 Rh8 28. Re2 Rh3 29. Rd3 Bxg4 30. Rxh3 Bxh3 31. Rf2+ Ke5 32. Re2+ Kd4 33. Rf2 Bf5 34. Rf4+ Be4 35. Rf6 Ke5 36. Rf2 f5 37. Rf1 Kd4 38. Rg1 Rh7 39. Rxg6 Rxh2+ 40. Kc1 Rh1+ 41. Kd2 Rb1 42. Ba4 Rxb2+ 43. Kc1 Ra2 44. Bb5 b3 0-1


[Site "https://www.chess.com"]

[Event "Titled Tuesday Blitz May 10 Early 2022"]
[White "Clawitter, Craig"]
[Black "Jodorcovsky Werjivker, Paulo"]
[WhiteFideId "2023105"]
[BlackFideId "3700305"]
[WhiteElo "2291"]
[BlackElo "2075"]
[Result "0-1"]
[Round "06"]
[TimeControl "180+1"]
[Date "2022.05.11"]
[WhiteClock "0:00:01"]
[BlackClock "0:01:00"]

1. e4 e5 2. Nf3 Nc6 3. Bb5 a6 4. Ba4 Nf6 5. O-O Be7 6. d3 b5 7. Bb3 O-O 8. Nc3 Bc5 9. a4 Rb8 10. axb5 axb5 11. Bg5 h6 12. Bxf6 Qxf6 13. Nd5 Qd8 14. c3 d6 15. d4 exd4 16. cxd4 Ba7 17. Ne3 Bb6 18. Nd5 Ba7 19. Ne3 Bb6 20. Nd5 Bg4 21. Nxb6 Rxb6 22. Kh1 Qf6 23. Rc1 Bxf3 24. Qxf3 Qxf3 25. gxf3 Nxd4 26. Bd1 c5 27. b4 c4 28. f4 Ra8 29. Bg4 Ra4 30. Rfd1 Nb3 31. Rc3 Rxb4 32. Rg3 Nc5 33. Bf5 Nd3 34. Kg2 Nxf4+ 35. Kf3 Nd3 36. h4 Rb2 37. h5 Rxf2+ 38. Ke3 Rb2 39. Rdg1 Kf8 40. Rxg7 Ne5 41. Rg8+ Ke7 42. Rh8 Ra6 43. Kf4 Ra3 44. Rg3 Rf2+ 0-1


[Site "https://www.chess.com"]

[Event "Titled Tuesday Blitz May 10 Early 2022"]
[White "Cramling Bellon, Anna"]
[Black "Shashikant, Kutwal"]
[WhiteFideId "32009232"]
[BlackFideId "5006520"]
[WhiteElo "1905"]
[BlackElo "2321"]
[Result "0-1"]
[Round "06"]
[TimeControl "180+1"]
[Date "2022.05.11"]
[WhiteClock "0:00:12"]
[BlackClock "0:01:12"]

1. d4 d5 2. c4 c6 3. Nf3 Nf6 4. Nc3 e6 5. e3 Nbd7 6. Bd3 Bd6 7. O-O Qe7 8. b3 O-O 9. Bb2 dxc4 10. bxc4 e5 11. Bf5 Re8 12. d5 e4 13. Nd4 Nc5 14. dxc6 Qe5 15. f4 exf3 16. Nxf3 Qxe3+ 17. Kh1 Bxf5 18. Qxd6 Nfe4 19. Nxe4 Nxe4 20. Qd4 Qh6 21. Kg1 bxc6 22. Rad1 c5 23. Qd5 Qe3+ 24. Kh1 Nf2+ 25. Rxf2 Qxf2 26. Bc3 Be4 27. Qg5 Bg6 28. h4 Qe3 29. Qg3 Qxc3 30. h5 Bxh5 0-1


[Site "https://www.chess.com"]

[Event "Titled Tuesday Blitz May 10 Early 2022"]
[White "Cunha, Lucas Aguiar"]
[Black "Le Ruyet, Leopold"]
[WhiteFideId "2125404"]
[BlackFideId "645923"]
[WhiteElo "2361"]
[BlackElo "2276"]
[Result "1-0"]
[Round "06"]
[TimeControl "180+1"]
[Date "2022.05.11"]
[WhiteClock "0:00:56"]
[BlackClock "0:00:02"]

1. e4 c5 2. Nf3 Nc6 3. Nc3 Nf6 4. e5 Ng4 5. Qe2 Qc7 6. Nd5 Qb8 7. d4 cxd4 8. Bf4 e6 9. h3 exd5 10. hxg4 Bb4+ 11. Nd2 Bxd2+ 12. Qxd2 Nxe5 13. Qxd4 d6 14. Bb5+ Ke7 15. O-O-O Be6 16. f3 a6 17. Be2 Qc7 18. Kb1 Rac8 19. c3 f6 20. Rh5 Bf7 21. Rh2 h6 22. Be3 Nc4 23. Bc1 Qc5 24. f4 Rhe8 25. Bf3 Qb5 26. b3 Nb6 27. g5 hxg5 28. fxg5 Bg6+ 29. Ka1 Kf7 30. Be3 Rxe3 31. Qxe3 Qc5 32. Qxc5 Rxc5 33. gxf6 gxf6 34. Kb2 Be4 35. Bxe4 dxe4 36. Rh7+ Ke6 37. Rxb7 Nd5 38. c4 Nf4 39. g3 Ne2 40. Re1 Nxg3 41. Rg7 Rg5 42. Rxg5 fxg5 43. Re3 Nh5 44. Rxe4+ Kf5 45. Rd4 g4 46. Rxd6 g3 47. c5 g2 48. Rd1 Nf4 49. c6 Ne6 50. b4 Kf4 51. a4 Kf3 52. b5 Ke2 53. Ra1 axb5 54. axb5 Kf2 55. b6 Nd8 56. c7 1-0


[Site "https://www.chess.com"]

[Event "Titled Tuesday Blitz May 10 Early 2022"]
[White "Cunjalo, Faris"]
[Black "Guz, Ari"]
[WhiteFideId "14410710"]
[BlackFideId "2825759"]
[WhiteElo "2263"]
[BlackElo "1913"]
[Result "1-0"]
[Round "06"]
[TimeControl "180+1"]
[Date "2022.05.11"]
[WhiteClock "0:00:08"]
[BlackClock "0:00:25"]

1. d4 d5 2. c4 e6 3. Nf3 a6 4. cxd5 exd5 5. Nc3 h6 6. Bf4 Nf6 7. e3 Bd6 8. Bg3 O-O 9. Bd3 c6 10. O-O Bxg3 11. hxg3 Bg4 12. Qb3 Qc7 13. Rac1 Be6 14. Ne5 Nbd7 15. Nxd7 Nxd7 16. Na4 Rab8 17. Qc3 Nf6 18. Nc5 Rfe8 19. b4 Qe7 20. a4 Ng4 21. Be2 Nf6 22. b5 axb5 23. axb5 Bg4 24. Bd3 Ne4 25. Bxe4 dxe4 26. bxc6 bxc6 27. Rb1 Rb5 28. Qc2 Bf5 29. Ra1 Reb8 30. Ra2 h5 31. Qe2 Bg4 32. Qc2 Bf5 33. Rfa1 h4 34. gxh4 Qxh4 35. Ra8 Rxa8 36. Rxa8+ Kh7 37. Ra1 Rb8 38. Nb3 Qf6 39. Nd2 Qg6 40. Rc1 Rc8 41. Nf1 Be6 42. Ng3 Bd5 43. Ne2 Qf5 44. Nf4 Ra8 45. Qc5 g5 46. Nxd5 cxd5 47. Qc2 Re8 48. Rb1 Re6 49. Rb7 Kg7 50. Qc8 Qg4 51. Rb1 Qh4 52. Qb8 Rh6 53. Kf1 Qh1+ 54. Ke2 Qh5+ 55. Kd2 Qg6 56. Qe5+ Qf6 57. Qxf6+ Rxf6 58. Ke2 Kg6 59. Rb5 Rf5 60. g4 Rf6 61. Rxd5 Ra6 62. Re5 Ra2+ 63. Kf1 Ra1+ 64. Kg2 Ra2 65. Rxe4 Ra6 66. Kf3 f6 67. d5 Ra8 68. Re6 Rd8 69. Ke4 Kf7 70. Rc6 Ra8 71. Kf5 Ra5 72. Rxf6+ Ke7 73. e4 Ra3 74. Kxg5 Ra4 75. e5 Re4 76. f4 1-0


[Site "https://www.chess.com"]

[Event "Titled Tuesday Blitz May 10 Early 2022"]
[White "Czerw, Dawid"]
[Black "Liyanage, Ranindu Dilshan"]
[WhiteFideId "1145746"]
[BlackFideId "9915834"]
[WhiteElo "2125"]
[BlackElo "1858"]
[Result "0-1"]
[Round "06"]
[TimeControl "180+1"]
[Date "2022.05.11"]
[WhiteClock "0:00:12"]
[BlackClock "0:01:45"]

1. d4 Nf6 2. c4 e6 3. Nc3 Bb4 4. f3 c5 5. a3 Ba5 6. dxc5 Bxc3+ 7. bxc3 Qa5 8. e4 Qxc5 9. a4 O-O 10. Ba3 Qe3+ 11. Ne2 Rd8 12. Qd4 Qg5 13. e5 Nc6 14. Qd1 Qxe5 15. Bd6 Qa5 16. g4 Ne8 17. Ba3 d5 18. c5 d4 19. Qb3 d3 20. Bb4 Qc7 21. Ng3 Qf4 22. Kf2 Ne5 23. Kg2 Qxf3+ 24. Kh3 Qxg4+ 25. Kg2 Qf3+ 26. Kh3 Ng6 0-1


[Site "https://www.chess.com"]

[Event "Titled Tuesday Blitz May 10 Early 2022"]
[White "D`Arruda, Ricardo D."]
[Black "Fromm, Marius"]
[WhiteFideId "100692"]
[BlackFideId "12993190"]
[WhiteElo "2444"]
[BlackElo "2550"]
[Result "1-0"]
[Round "06"]
[TimeControl "180+1"]
[Date "2022.05.11"]
[WhiteClock "0:02:20"]
[BlackClock "0:01:50"]

1. Nf3 c5 2. c4 Nc6 3. Nc3 Nf6 4. g3 d5 5. cxd5 Nxd5 6. Bg2 Nc7 7. O-O g6 8. d3 Bg7 9. Be3 b6 10. Qd2 O-O 11. Bh6 Bb7 12. Bxg7 Kxg7 13. a3 Qd7 14. Rab1 Ne6 15. b4 cxb4 16. axb4 Rac8 17. Qb2 Kg8 18. Rfc1 Ncd4 19. Nxd4 Nxd4 20. Bxb7 Qxb7 21. Ne4 Rc2 22. Rxc2 1-0


[Site "https://www.chess.com"]

[Event "Titled Tuesday Blitz May 10 Early 2022"]
[White "Dang, Hoang Son"]
[Black "Sadhwani, Raunak"]
[WhiteFideId "12402435"]
[BlackFideId "35093487"]
[WhiteElo "2252"]
[BlackElo "2616"]
[Result "0-1"]
[Round "06"]
[TimeControl "180+1"]
[Date "2022.05.10"]
[WhiteClock "0:00:09"]
[BlackClock "0:00:31"]

1. d4 Nf6 2. Bf4 g6 3. e3 Bg7 4. Nf3 d6 5. Bc4 O-O 6. Nc3 a6 7. a4 Nfd7 8. h4 Nb6 9. Bb3 h5 10. Ng5 Nc6 11. Qd3 Bf5 12. e4 Bd7 13. Ne2 e5 14. Be3 exd4 15. Nxd4 Ne5 16. Qe2 Ng4 17. a5 Nc8 18. O-O-O c5 19. Ndf3 Nxe3 20. Qxe3 Qxa5 21. Kb1 Qc7 22. Qd3 Bb5 23. Bc4 Nb6 24. Bxb5 axb5 25. Qxd6 Qxd6 26. Rxd6 Nc4 27. e5 Bxe5 28. Nxe5 Nxd6 29. Nd7 Rfd8 30. Nxc5 Rac8 31. b4 b6 32. Nd3 Re8 33. Rd1 Ne4 34. Kb2 Nc3 35. Ra1 Na4+ 36. Kc1 Re2 37. Kd1 Rcxc2 38. Nf3 Nc3# 0-1


[Site "https://www.chess.com"]

[Event "Titled Tuesday Blitz May 10 Early 2022"]
[White "De Silva, L M S T"]
[Black "Pinheiro, Iung Alicio de O."]
[WhiteFideId "9953698"]
[BlackFideId "2104350"]
[WhiteElo "1631"]
[BlackElo "2283"]
[Result "1-0"]
[Round "06"]
[TimeControl "180+1"]
[Date "2022.05.11"]
[WhiteClock "0:01:19"]
[BlackClock "0:00:25"]

1. e4 b6 2. d4 Bb7 3. Nc3 e6 4. a3 Nf6 5. Bd3 c5 6. dxc5 Bxc5 7. Nge2 Nc6 8. h3 O-O 9. O-O Rc8 10. b4 Be7 11. Bb2 d5 12. exd5 Nxd5 13. Re1 a5 14. b5 Nxc3 15. Bxc3 Nb8 16. Qd2 Qd5 17. Nf4 Qg5 18. Re5 Qf6 19. Bxh7+ Kxh7 20. Rh5+ Kg8 21. Bxf6 Bxf6 22. Qd3 g6 23. Nxg6 Rfd8 24. Qg3 fxg6 25. Qxg6+ Bg7 26. Qxe6+ 1-0


[Site "https://www.chess.com"]

[Event "Titled Tuesday Blitz May 10 Early 2022"]
[White "De Souza, Cristiano Gomes"]
[Black "Danaci, Ege"]
[WhiteFideId "2151758"]
[BlackFideId "34506748"]
[WhiteElo "2068"]
[BlackElo "1799"]
[Result "1/2-1/2"]
[Round "06"]
[TimeControl "180+1"]
[Date "2022.05.11"]
[WhiteClock "0:01:22"]
[BlackClock "0:00:14"]

1. d4 Nf6 2. c4 g6 3. Nf3 Bg7 4. Nc3 d6 5. e4 O-O 6. Be2 e5 7. O-O exd4 8. Nxd4 Re8 9. f3 Nc6 10. Be3 Nh5 11. Qd2 Nf4 12. Rf2 Nxe2+ 13. Ncxe2 Nxd4 14. Bxd4 f5 15. Bxg7 Kxg7 16. Nc3 Be6 17. Re1 Qf6 18. exf5 Bxf5 19. Rfe2 Rxe2 20. Rxe2 Be6 21. Nd5 Bxd5 22. Qxd5 c6 23. Qe4 Rf8 24. Qe7+ Rf7 25. Qxf6+ Kxf6 26. Kf2 Re7 27. Rxe7 Kxe7 28. Ke3 Ke6 29. Kd4 Kf5 30. g3 h5 31. b4 g5 32. a4 Ke6 33. a5 a6 34. h3 Kf5 35. Kd3 Ke5 36. Ke3 Kf5 37. Kd4 Ke6 38. Ke4 Kf6 39. Kd4 Kf5 40. Ke3 Ke5 41. Kd3 d5 42. Kc3 dxc4 43. Kxc4 Kf5 44. Kc5 Kf6 45. Kb6 Ke5 46. Kxb7 Kd4 47. Kxc6 Ke3 48. Kb6 Kxf3 49. Kxa6 Kxg3 50. b5 Kxh3 51. b6 g4 52. b7 g3 53. b8=Q g2 54. Qg8 Kh2 55. Qg6 h4 56. Kb7 g1=Q 57. Qxg1+ Kxg1 58. a6 h3 59. a7 h2 60. a8=Q h1=Q+ 61. Kb8 Qxa8+ 62. Kxa8 1/2-1/2


[Site "https://www.chess.com"]